 Dungeon Crawl Stone Soup version 0.22-a0-224-g8cf3520 (webtiles) character file.

23 Azzok the Skirmisher (level 3, 24/24 HPs)
             Began as a Gargoyle Fighter on Feb 19, 2018.
             Quit the game on level 1 of the Dungeon.
             The game lasted 00:02:14 (385 turns).

Azzok the Skirmisher (Gargoyle Fighter)              Turns: 385, Time: 00:02:14

Health: 24/24      AC: 10    Str: 19    XL:     3   Next: 0%
Magic:  3/3        EV:  9    Int:  9    God:
Gold:   16         SH:  0    Dex:  9    Spells: 2/2 levels left

rFire    . . .     SeeInvis .   a - +0 long sword
rCold    . . .     Gourm    .   (no shield)
rNeg     + . .     Faith    .   b - +0 scale mail
rPois    ∞         Spirit   .   (no helmet)
rElec    +         Reflect  .   (no cloak)
rCorr    .         Harm     .   (no gloves)
MR       .....     Rnd*Tele +   (no boots)
Stlth    +.........             (no amulet)
HPRegen  0.08/turn              k - ring of stealth
MPRegen  0.08/turn              l - ring of teleportation (curse)

@: no status effects
A: negative energy resistance 1, electricity resistance, unbreathing,
petrification resistance, rot immunity, AC +3
a: no special abilities


You were on level 1 of the Dungeon.
You were not hungry.

You visited 1 branch of the dungeon, and saw 1 of its levels.

You collected 16 gold pieces.

Inventory:

Hand Weapons
 a - a +0 long sword (weapon)
Missiles
 e - 24 arrows
Armour
 b - a +0 scale mail (worn)
 c - a +0 shield
Jewellery
 k - a ring of stealth (left hand)
 l - a cursed ring of teleportation (right hand)
Potions
 d - a potion of might
 i - 2 potions of curing
 j - 2 potions of heal wounds {unknown}
Comestibles
 f - 2 rations
 g - 7 chunks of flesh


   Skills:
 + Level 4.5 Fighting
 - Level 1.7 Long Blades
 - Level 3.2 Armour
 - Level 3.2 Shields


You had 2 spell levels left.
You didn't know any spells.

Dungeon Overview and Level Annotations

Branches:
Dungeon (1/15)

Altars:


Innate Abilities, Weirdness & Mutations

You are resistant to torment.
Your stone body is resilient. (AC +3)
You are immune to poison.
You resist negative energy. (rN+)
You are resistant to electric shocks. (rElec)
You can survive without breathing.
You are immune to petrification.
You are immune to rotting.


Message History

You kill the giant cockroach!
l - a runed brass ring Put on which piece of jewellery? (? for menu, Esc to quit)
k - a ring of stealth (left hand) Put on which piece of jewellery? (? for menu, Esc to quit)
You feel slightly jumpy.
Oops, that ring feels deathly cold.
l - a cursed ring of teleportation (right hand)
As you read the scroll labeled NEIKHE CIDUNTU, it crumbles to dust.
It is a scroll of identify.
i - 2 potions of curing A leopard gecko comes into view.
The leopard gecko barely misses you.
You slash the leopard gecko!
You kill the leopard gecko!
You have reached level 3!
Your experience leads to an increase in your attributes!
Increase (S)trength, (I)ntelligence, or (D)exterity?
Uppercase letters only, please.
You feel clever.
Are you sure you want to abandon this character and quit the game? (Confirm with "yes".)

▒·······▒▒▒···▒▒▒▒
▒··············▒▒
▒··▒·▒·▒▒▒▒···▒·▒
▒··▒·▒·▒▒ ▒···▒·▒
▒▒▒▒▒······(▒▒▒··▒▒·▒
···▒····▒▒▒···········▒▒
▒······▒ ▒····▒▒▒▒·▒▒▒
▒·▒·▒▒·▒▒▒·▒·▒▒ ▒·▒ ··
▒▒@··▒▒·▒ ▒·▒ ▒·
▒··†▒▒▒▒▒·▒ ▒·▒ ▒·····▒·
▒·▒▒▒▒▒·▒ ····· ▒·
▒·······▒ ··· ▒·
▒▒▒▒▒▒··▒▒▒▒▒ ▒· ▒·
▒······· ▒ ▒· ▒▒·····▒
·· ▒▒▒▒▒·▒ ▒·)··▒


There were no monsters in sight!

Vanquished Creatures
  A dart slug (D:1)
  A leopard gecko (D:1)
  3 giant cockroaches (D:1)
  3 goblins (D:1)
  2 hobgoblins (D:1)
  4 jackals (D:1)
  A kobold (D:1)
  2 rats (D:1)
17 creatures vanquished.

Notes
Turn   | Place    | Note
-------+----------+-------------------------------------------
     0 | D:1      | Azzok the Gargoyle Fighter began the quest for the Orb.
     0 | D:1      | Reached XP level 1. HP: 14/14 MP: 1/1
    64 | D:1      | Reached XP level 2. HP: 15/20 MP: 2/2
   159 | D:1      | Reached skill level 4 in Fighting
   384 | D:1      | Reached XP level 3. HP: 24/24 MP: 3/3
   385 | D:1      | Quit the game

Vault maps used:
D:1:      kennysheep_arrival_seaside

Skill      XL: |  1  2 |
---------------+-------+-----
Fighting       | 4 |  4.5
Long Blades    | |  1.7
Armour         | |  3.2
Shields        | |  3.2

Action                   || total
-------------------------++-------
Melee: Long sword        ||    41
  Use: Scroll            ||     1
Armor: Scale mail        ||    28
Dodge: Dodged            ||    19
       Rpst.: Long sword ||     7

Table legend:
 A = Spawn XP
 B = Non-spawn XP
 C = Spawn XP percentage of total XP
 D = Spawn monster count
 E = Non-spawn monster count
 F = Spawn count percentage of total count
 G = Total turns spent on level
                    A         B        C        D         E        F      G
               +---------+---------+-------+---------+---------+-------+---------
         Total |       0 |      34 |   0.0 |       0 |      17 |   0.0 |   385
               +---------+---------+-------+---------+---------+-------+---------
           D:1 |       0 |      34 |   0.0 |       0 |      17 |   0.0 |   385
               +---------+---------+-------+---------+---------+-------+---------
